 Dungeon Crawl Stone Soup version 0.27-a0-732-ga892ba84f6 (webtiles) character file.

Game seed: 15638485707712096555

128 robertstho the Ruffian (level 5, -5/46 HPs)
             Began as a Ghoul Monk on Mar 23, 2021.
             Slain by an ogre
             ... wielding a +0 giant spiked club
              (23 damage)
             ... on level 2 of the Dungeon.
             The game lasted 00:02:17 (2274 turns).

robertstho the Ruffian (Ghoul Monk)                 Turns: 2274, Time: 00:02:17

Health: -5/46      AC:  2    Str: 16    XL:     5   Next: 12%
Magic:  4/4        EV: 12    Int:  5    God:
Gold:   116        SH:  0    Dex: 11    Spells: 4/4 levels left

rFire    . . .     SeeInvis .     - Unarmed
rCold    + . .     Faith    .   (no shield)
rNeg     + + +     Spirit   .   a - +0 robe
rPois    ∞         Reflect  .   (no helmet)
rElec    .         Harm     .   (no cloak)
rCorr    .         Rampage  .   (no gloves)
Will     .....                  (no boots)
Stlth    ++........             e - amulet of magic regeneration
HPRegen  0.00/turn              g - ring of wizardry
MPRegen  0.34/turn              (no ring)

@: no status effects
A: claws 1, cold resistance 1, negative energy resistance 3, inhibited
regeneration, torment resistance 2, unbreathing 1
a: no special abilities


You were on level 2 of the Dungeon.
You visited 1 branch of the dungeon, and saw 2 of its levels.

You collected 116 gold pieces.

Inventory:

Armour
 a - a +0 robe (worn)
Jewellery
 e - an amulet of magic regeneration (around neck)
 g - a ring of wizardry (right claw)
Scrolls
 c - 4 scrolls of immolation {unknown}
 d - a scroll of amnesia {unknown}
 i - a scroll of teleportation {unknown}
 k - a scroll of identify {unknown}
Potions
 b - 3 potions of lignification
 f - 2 potions of berserk rage
 h - a potion of mutation {unknown}
 j - a potion of curing {unknown}


   Skills:
 * Level 4.0 Fighting
 + Level 3.1 Dodging
 * Level 3.3 Stealth
 * Level 4.9 Unarmed Combat


You had 4 spell levels left.
You didn't know any spells.
Your spell library was empty.

Dungeon Overview and Level Annotations

Branches:
Dungeon (2/15)

Altars:
Gozag
Makhleb
Zin

Annotations:
D:2 1 runed translucent door, Crazy Yiuf


Innate Abilities, Weirdness & Mutations

You thrive by killing the living.
You are immune to poison.
You have sharp fingernails.
Your flesh is cold resistant. (rC+)
You are immune to negative energy. (rN+++)
You do not regenerate when monsters are visible.
You are immune to unholy pain and torment.
You can survive without breathing.


Message History

There is an open door here.
The ogre closely misses you.
You scratch the ogre.
The ogre is lightly wounded.
The ogre closely misses you.
You scratch the ogre.
The ogre is moderately wounded.
The ogre closely misses you.
You scratch the ogre.
The ogre is moderately wounded.
The ogre closely misses you.
You claw the ogre!
The ogre is severely wounded.
The ooze quivers.
The ogre closely misses you.
You scratch the ogre but do no damage.
The ogre is severely wounded.
The ogre hits you with a +0 giant spiked club!
You scratch the ogre but do no damage.
The ogre is severely wounded.
The ogre misses you. The ooze closely misses you.
You claw the ogre!
The ogre is almost dead.
The ogre hits you with a +0 giant spiked club!!
The ooze barely misses you.
You are too injured to fight recklessly!
You are too injured to fight recklessly!
You are too injured to fight recklessly!
You are too injured to fight recklessly!
You are too injured to fight recklessly!
You are too injured to fight recklessly!
You are too injured to fight recklessly!
Unknown command.
There is an open door here.
It was a potion of lignification.
You feel woody for a moment. The ogre misses you.
It was a potion of berserk rage.
You feel slightly irritated.
The ogre hits you with a +0 giant spiked club!!
Ouch! That really hurt!
You die...

#. ## # ##+# ### #### #
##...# #.. ..# # #....$#
#.# #.## # .......##.#
#..# ##### ........#.#
#..#####.... .......JO@#
#...........
........#.#####.)#####....
....>..##....†.(.# #####
#.....# ##.###.#.# #..
##...# #.# #.#.# #.# ##+#
#.###.#.# #.. #<......#
#.. #####.### #.# #.# #.#


You could see an ogre and an ooze.

Vanquished Creatures
  Natasha (thrice) (D:2)
  A worm (D:2)
  4 dart slugs
  11 ball pythons
  2 giant cockroaches
  3 goblins
  2 hobgoblins (D:2)
  4 jackals (D:1)
  An ooze (D:2)
  2 quokkas
  6 bats
  2 frilled lizards (D:2)
  A kobold (D:1)
  2 rats (D:1)
44 creatures vanquished.

Vanquished Creatures (others)
  A fungus (D:1)
1 creature vanquished.

Grand Total: 45 creatures vanquished

Notes
Turn   | Place    | Note
-------+----------+-------------------------------------------
     0 | D:1      | robertstho the Ghoul Monk began the quest for the Orb.
     0 | D:1      | Reached XP level 1. HP: 19/19 MP: 0/0
   152 | D:1      | Reached XP level 2. HP: 25/26 MP: 1/1
   436 | D:1      | Reached XP level 3. HP: 29/31 MP: 2/2
   861 | D:2      | Noticed Natasha
   865 | D:2      | Killed Natasha
   975 | D:2      | Reached XP level 4. HP: 40/40 MP: 3/3
  1036 | D:2      | Noticed Natasha
  1047 | D:2      | Killed Natasha
  1312 | D:2      | Found a burning altar of Makhleb.
  1448 | D:2      | Noticed Natasha
  1462 | D:2      | Killed Natasha
  1686 | D:2      | Reached XP level 5. HP: 46/46 MP: 4/4
  1918 | D:2      | Found an opulent altar of Gozag.
  2027 | D:2      | Found a runed translucent door.
  2028 | D:2      | Noticed Crazy Yiuf
  2261 | D:2      | Noticed an ogre
  2274 | D:2      | Slain by an ogre

Illustrated notes

Levels and vault maps discovered:
D:1:      psy_arrival_basics, layout_basic, minmay_shallow_snake_nest
D:2:      layout_loops_corners, grunt_temple_overflow_gold_and_silver,
          lightli_temple_of_fire, uniq_natasha, uniq_crazy_yiuf_cottage

Skill      XL: |  1  2  3  4  5 |
---------------+----------------+-----
Unarmed Combat | 4 |  4.9
Dodging        | 3 |  3.1
Stealth        | 3 |  3.3
Fighting       | 4 |  4.0

Action                   |  1- 3 |  4- 6 || total
-------------------------+-------+-------++-------
Melee: Unarmed           |    82 |    65 ||   147
       Punch             |     1 |       ||     1
  Use: Potion            |       |     2 ||     2
 Stab: Sleeping          |     7 |     2 ||     9
Armor: Robe              |    20 |     7 ||    27
Dodge: Dodged            |    41 |    41 ||    82

Table legend: (Time is in decaauts)
 A = Elapsed time spent in this place.
 B = Non-inter-level travel time spent in this place.
 C = Inter-level travel time spent in this place.
 D = Time resting spent in this place.
 E = Time spent auto-exploring this place.
 F = Levels seen in this place.
 G = Mean time per level.
                   A        B        C        D        E       F      G
               +--------+--------+--------+--------+--------+-----+--------+
         Total |   2261 |   2255 |      6 |    236 |   1709 |   2 | 1130.5 |
       Dungeon |   2261 |   2255 |      6 |    236 |   1709 |   2 | 1130.5 |
               +--------+--------+--------+--------+--------+-----+--------+

Top non-repeatable levels by time:
     D:2: 1405 daAuts
     D:1: 855 daAuts
